Map: Curious Minds LE

Players

Pumba - Winner!

  • Race: Protoss Protoss
  • League: Master
  • Spawn Location: 11:00

Invictus

  • Race: Protoss Protoss
  • League: Master
  • Spawn Location: 5:00

VOD

Have the link to the VOD?

Description

Time

  • Played on: March 29, 2022, 8:05 p.m.
  • Length: 6:01
Show
View Real Time Build Order
Export as new Build Order

Pumba Protoss - Winner!

Build Orders:  

Get SALT Encoding   

  12  0:01  Probe  
  13  0:13  Probe  
  14  0:20  Pylon  
  14  0:25  Probe  
  15  0:38  Probe (Chrono Boost)  
  15  0:39  Gateway  
  16  0:48  Probe (Chrono Boost), Assimilator  
  17  0:53  Probe (Chrono Boost)  
  17  0:56  Assimilator  
  18  1:04  Probe (Chrono Boost)  
  19  1:13  Probe (Chrono Boost)  
  20  1:20  Gateway  
  20  1:21  Probe  
  21  1:26  Cybernetics Core  
  21  1:33  Probe  
  21  1:36  Pylon  
  22  1:45  Probe  
  23  1:58  Probe  
  24  2:07  Sentry, Stalker  
  28  2:10  Warp Gate (Chrono Boost), Probe  
  29  2:19  Pylon  
  29  2:22  Probe  
  30  2:32  Pylon  
  30  2:43  Nexus  
  30  2:50  Stalker  
  32  2:58  Shield Battery  
  32  3:00  Shield Battery, Stalker  
  34  3:08  Robotics Facility  
  34  3:15  Shield Battery  
  32  3:42  Probe  
  32  3:45  Stalker x2  
  35  3:58  Immortal (Chrono Boost)  
  34  4:12  Stalker x2  
  38  4:22  Probe  
  39  4:31  Immortal (Chrono Boost)  
  39  4:35  Probe  
  42  4:45  Stalker  
  42  4:46  Stalker  
  42  4:49  Probe  
  42  4:50  Probe  
  40  5:08  Immortal (Chrono Boost)  
  43  5:32  Stalker x2  
  43  5:33  Probe x2  
  49  5:39  Twilight Council  
  49  5:45  Probe  
  49  5:46  Probe  
Show
View Real Time Build Order
Export as new Build Order

Invictus Protoss 

Build Orders:  

Get SALT Encoding   

  12  0:00  Probe  
  13  0:12  Probe  
  14  0:17  Pylon  
  14  0:24  Probe  
  15  0:36  Probe (Chrono Boost)  
  15  0:39  Gateway  
  16  0:48  Probe (Chrono Boost), Assimilator  
  17  0:54  Probe (Chrono Boost)  
  17  0:56  Assimilator  
  18  1:03  Probe  
  19  1:11  Gateway  
  19  1:15  Probe  
  20  1:20  Pylon  
  20  1:27  Probe  
  21  1:34  Cybernetics Core  
  21  1:40  Pylon  
  21  1:44  Probe  
  22  1:56  Gateway  
  22  1:58  Probe  
  23  2:05  Warp Gate (Chrono Boost)  
  23  2:11  Stalker  
  25  2:18  Stalker  
  27  2:33  Gateway  
  29  2:48  Stalker (Chrono Boost)  
  29  2:50  Stalker (Chrono Boost)  
  31  2:56  Stalker (Chrono Boost)  
  33  3:04  Pylon  
  31  3:39  Stalker  
  31  3:40  Stalker x3  
  39  3:51  Pylon  
  31  4:17  Stalker x4  
  39  4:44  Stalker  
  39  4:45  Stalker x3  
  33  5:10  Stalker x3  
  33  5:12  Stalker  
  39  5:33  Stalker  
  39  5:34  Stalker x2  
Tags
 
Add a new tag
Caveats
  • Supply blocks, unpowered buildings, or Contaminate may cause inaccurate times.
  • Supply counts are checked every 10 seconds.